[Event "Titled Tuesday Blitz June 21 Late 2022"]
[White "Nilsson, Joakim"]
[Black "Di Nicolantonio, Lucas"]
[WhiteFideId "1723383"]
[BlackFideId "680460"]
[WhiteElo "2210"]
[BlackElo "2381"]
[Result "0-1"]
[Round "02"]
[TimeControl "180+1"]
[Date "2022.06.22"]
[WhiteClock "0:01:54"]
[BlackClock "0:01:43"]

1. d4 Nf6 2. Nc3 g6 3. Bf4 d6 4. h4 h5 5. f3 Nc6 6. d5 Ne5 7. e4 Bg7 8. Qd2 c5 9. Bb5+ Nfd7 10. Nh3 a6 11. Bxd7+ Bxd7 12. a4 Qc8 13. Ng5 b5 14. axb5 axb5 15. O-O O-O 16. b3 b4 17. Na4 Nc4 18. Qe2 Bxa1 19. Rxa1 Ne5 20. Rf1 Bxa4 21. bxa4 Qa6 22. Qe3 Qc4 23. Bxe5 dxe5 24. f4 Qd4 25. Qxd4 exd4 26. Ra1 c4 27. Kf2 Rfb8 28. Ke2 b3 29. Kd2 b2 30. Rb1 c3+ 31. Kd3 Rxa4 32. Nf3 Ra1 0-1


[Site "https://www.chess.com"]

[Event "Titled Tuesday Blitz June 21 Late 2022"]
[White "Oparin, Grigoriy"]
[Black "Bjelobrk, Igor"]
[WhiteFideId "24125890"]
[BlackFideId "4300726"]
[WhiteElo "2639"]
[BlackElo "2335"]
[Result "1-0"]
[Round "02"]
[TimeControl "180+1"]
[Date "2022.06.21"]
[WhiteClock "0:00:07"]
[BlackClock "0:00:11"]

1. e4 e5 2. Nf3 Nc6 3. Bb5 a6 4. Ba4 Bc5 5. O-O Nge7 6. c3 Ng6 7. d4 Ba7 8. Bg5 f6 9. Be3 O-O 10. Nbd2 d6 11. Re1 Kh8 12. h3 Bd7 13. Bc2 a5 14. Nf1 exd4 15. cxd4 d5 16. exd5 Nb4 17. Bb3 Bb5 18. Ng3 Nxd5 19. Rc1 Ndf4 20. Bc2 Re8 21. Qd2 Nd5 22. Nh5 Qd7 23. Nh2 Bc6 24. Ng4 Nh4 25. Bh6 Rxe1+ 26. Rxe1 Rg8 27. Bxg7+ Rxg7 28. Nxg7 Qxg7 29. Be4 f5 30. Bxd5 Bxd5 31. Re8+ Bg8 32. Qh6 fxg4 33. Qxh4 gxh3 34. Qxh3 Bxd4 35. Qf3 c6 36. b3 h6 37. Rd8 Be5 38. Re8 Bf6 39. Rb8 Be5 40. Re8 Kh7 41. Qf5+ Qg6 42. Qxg6+ Kxg6 43. Rxe5 Bd5 44. f3 Kf6 45. Re8 b5 46. Ra8 a4 47. bxa4 bxa4 48. Rxa4 Ke5 49. Kf2 c5 50. Ke3 c4 51. Ra5 Kd6 52. Kd4 Be6 53. Rc5 1-0


[Site "https://www.chess.com"]

[Event "Titled Tuesday Blitz June 21 Late 2022"]
[White "Peatman, Carter"]
[Black "Winkels, Marcel"]
[WhiteFideId "2096480"]
[BlackFideId "1003887"]
[WhiteElo "2472"]
[BlackElo "1900"]
[Result "1-0"]
[Round "02"]
[TimeControl "180+1"]
[Date "2022.06.22"]
[WhiteClock "0:00:47"]
[BlackClock "0:00:05"]

1. d4 Nf6 2. Bf4 d5 3. e3 c5 4. dxc5 Qa5+ 5. c3 Qxc5 6. Nf3 Qb6 7. Qc1 Nc6 8. a4 Bf5 9. Na3 a6 10. Nd4 e5 11. Nxf5 exf4 12. exf4 Bc5 13. Ne3 O-O 14. Bd3 d4 15. cxd4 Bxd4 16. Nac4 Qb4+ 17. Qd2 Qe7 18. O-O Rad8 19. Nf5 Qd7 20. Rad1 Ba7 21. Ne5 Qc7 22. Qe2 Rfe8 23. Bc4 Nxe5 24. Rxd8 Qxd8 25. fxe5 Qd7 26. Nd6 Re7 27. Qf3 Ne8 28. Nxf7 Nc7 29. Nh6+ 1-0


[Site "https://www.chess.com"]

[Event "Titled Tuesday Blitz June 21 Late 2022"]
[White "Perez Leiva, Jerzy Jesus"]
[Black "Coelho, Ramyres Santana"]
[WhiteFideId "3524337"]
[BlackFideId "2120690"]
[WhiteElo "2287"]
[BlackElo "1888"]
[Result "0-1"]
[Round "02"]
[TimeControl "180+1"]
[Date "2022.06.22"]
[WhiteClock "0:00:04"]
[BlackClock "0:00:22"]

1. e4 c5 2. Nf3 d6 3. d4 cxd4 4. Nxd4 Nf6 5. Nc3 a6 6. Be3 e6 7. f3 b5 8. Qd2 Bb7 9. Be2 Nbd7 10. a4 b4 11. Na2 d5 12. Nxb4 dxe4 13. O-O Be7 14. Ndc6 Bxb4 15. Nxb4 O-O 16. Rad1 Qe7 17. fxe4 Bxe4 18. Nxa6 Bb7 19. Qd6 Qxd6 20. Rxd6 Ne5 21. Nc5 Bd5 22. b3 Ne4 23. Nxe4 Bxe4 24. Rd2 Rac8 25. Bd1 Rfd8 26. Rff2 Rxd2 27. Rxd2 f5 28. a5 h6 29. a6 g5 30. Bb6 Ra8 31. Be2 Kf7 32. c4 Nc6 33. c5 Bd5 34. Bc4 Bxc4 35. bxc4 e5 36. Rd6 Nd4 37. a7 Ke7 38. Rd8 Rxa7 39. Bxa7 Kxd8 40. Bb6+ Kd7 41. Kf2 Kc6 42. Ke3 Ne6 43. Ba5 Nxc5 44. Bc3 Nd7 45. Bb4 Nb6 46. Bf8 h5 47. c5 Nc4+ 48. Kd3 Kd5 49. Bg7 e4+ 50. Kc3 Kxc5 51. Bd4+ Kd5 52. Bf6 g4 53. Bg5 Ne5 54. Bf6 Nd3 55. Kd2 Nf4 56. g3 Ne6 57. Ke3 Kc4 58. Be5 Ng5 59. Bf6 Nf3 60. Kf4 Nxh2 61. Kxf5 e3 62. Bg5 e2 63. Bd2 Nf3 64. Ba5 Kd3 0-1


[Site "https://www.chess.com"]

[Event "Titled Tuesday Blitz June 21 Late 2022"]
[White "Pesotskiy, Mikhail"]
[Black "Pappelis, Dimitrios"]
[WhiteFideId "34164453"]
[BlackFideId "4215281"]
[WhiteElo "2010"]
[BlackElo "1998"]
[Result "0-1"]
[Round "02"]
[TimeControl "180+1"]
[Date "2022.06.22"]
[WhiteClock "0:00:02"]
[BlackClock "0:01:03"]

1. d4 d5 2. c4 e6 3. Nc3 Nf6 4. cxd5 exd5 5. Bg5 c6 6. e3 Be7 7. Bd3 Nbd7 8. Qc2 h6 9. Bf4 Nh5 10. Be5 Nhf6 11. Bg3 Nh5 12. Be5 Nhf6 13. Nf3 Nxe5 14. dxe5 Nd7 15. e4 Nc5 16. O-O dxe4 17. Bxe4 Nxe4 18. Qxe4 O-O 19. Rad1 Qc7 20. Rc1 Qb6 21. Na4 Qb4 22. Qxb4 Bxb4 23. a3 Be7 24. Nc5 Bxc5 25. Rxc5 Be6 26. Nd4 Rfd8 27. Nxe6 fxe6 28. Rfc1 Rd2 29. R5c2 Rad8 30. f4 Kf7 31. Kf1 g5 32. fxg5 hxg5 33. Ke1 Rxc2 34. Rxc2 Rd5 35. Re2 Kg6 36. g4 c5 37. Kf2 b5 38. Kg3 a5 39. h3 c4 40. Kg2 Rd3 41. Rf2 b4 42. axb4 axb4 43. Rf6+ Kg7 44. Rxe6 Rd2+ 45. Kf3 Rxb2 46. Ke4 c3 47. Re7+ Kf8 48. Rc7 Re2+ 49. Kf5 c2 50. e6 b3 51. Kf6 Rf2+ 52. Kg6 b2 53. Rf7+ Rxf7 54. exf7 0-1


[Site "https://www.chess.com"]

[Event "Titled Tuesday Blitz June 21 Late 2022"]
[White "Petrovic, Aleksa"]
[Black "Svane, Frederik"]
[WhiteFideId "967629"]
[BlackFideId "12923044"]
[WhiteElo "2117"]
[BlackElo "2459"]
[Result "0-1"]
[Round "02"]
[TimeControl "180+1"]
[Date "2022.06.22"]
[WhiteClock "0:00:01"]
[BlackClock "0:00:16"]

1. d4 Nf6 2. c4 e6 3. Nf3 d5 4. Nc3 a6 5. cxd5 exd5 6. Bg5 Be6 7. e3 Nbd7 8. Bd3 c6 9. O-O Bd6 10. Qb1 h6 11. Bf4 Qb8 12. Bg3 O-O 13. Ne2 Bg4 14. Bf5 Bxf5 15. Qxf5 g6 16. Bxd6 Qxd6 17. Qf4 Qb4 18. Qxh6 Qxb2 19. Nf4 Qc2 20. Rab1 Rab8 21. Rfc1 Qf5 22. h3 Ne4 23. h4 Ndf6 24. Ng5 Nxg5 25. hxg5 Ne4 26. f3 Qxg5 27. Qxg5 Nxg5 28. Rc2 Rfc8 29. Rcb2 Rc7 30. Nd3 b5 31. Rc2 Ne6 32. Nb4 a5 33. Nxc6 b4 34. Rbc1 Rb5 35. Ne5 Rxc2 36. Rxc2 a4 37. Nd3 b3 38. axb3 Rxb3 39. Nc5 Rxe3 40. Nxa4 Rd3 41. Nc5 Rxd4 42. Nxe6 fxe6 43. Kf2 Kf7 44. Ke3 Ra4 45. Rc7+ Kf6 46. Rc8 g5 47. g4 Ra7 48. Rg8 Rf7 49. f4 gxf4+ 50. Kxf4 e5+ 51. Ke3 Ra7 52. Rf8+ Kg6 53. Rg8+ Kf7 54. Rd8 Ra3+ 55. Ke2 d4 56. g5 Re3+ 57. Kf2 Kg6 58. Rg8+ Kf5 0-1


[Site "https://www.chess.com"]

[Event "Titled Tuesday Blitz June 21 Late 2022"]
[White "Pinheiro, Iung Alicio de O."]
[Black "Zhigalko, Sergei"]
[WhiteFideId "2104350"]
[BlackFideId "13502956"]
[WhiteElo "2283"]
[BlackElo "2662"]
[Result "0-1"]
[Round "02"]
[TimeControl "180+1"]
[Date "2022.06.21"]
[WhiteClock "0:00:04"]
[BlackClock "0:00:05"]

1. e4 c5 2. Nf3 Nc6 3. c3 Nf6 4. e5 Nd5 5. Bc4 Nb6 6. Bb3 g6 7. d4 cxd4 8. cxd4 Bg7 9. h4 d5 10. h5 Bg4 11. Rh4 gxh5 12. Be3 e6 13. Rh2 Rc8 14. Nc3 Na5 15. Nb5 Nbc4 16. Bc1 Qb6 17. Ba4 O-O 18. b3 a6 19. bxc4 axb5 20. c5 Qa6 21. Bc2 b4 22. Bd3 Nc4 23. Qc2 h6 24. Ng1 b6 25. f3 Bf5 26. Bxf5 exf5 27. Qxf5 bxc5 28. Ne2 cxd4 29. Rxh5 Nxe5 30. Bf4 Nd3+ 31. Kd2 Nxf4 32. Nxf4 d3 33. Qxd3 Bxa1 34. Qxa6 Bg7 35. Rxh6 Ra8 36. Qd6 Rxa2+ 37. Ke1 Rc8 38. Nd3 b3 39. Rh4 b2 40. Rb4 Rc1+ 41. Ke2 b1=Q+ 42. Ke3 Re1+ 43. Kf4 Qxd3 44. Rb8+ Kh7 45. Qd8 Be5+ 46. Kg4 Qg6+ 47. Kh3 Rh1# 0-1


[Site "https://www.chess.com"]

[Event "Titled Tuesday Blitz June 21 Late 2022"]
[White "Przybylski, Wojciech"]
[Black "Murzin, Volodar"]
[WhiteFideId "1117599"]
[BlackFideId "44155573"]
[WhiteElo "2133"]
[BlackElo "2585"]
[Result "0-1"]
[Round "02"]
[TimeControl "180+1"]
[Date "2022.06.21"]
[WhiteClock "0:00:03"]
[BlackClock "0:00:09"]

1. d4 d5 2. g3 Nf6 3. Bg2 g6 4. Nf3 Bg7 5. O-O O-O 6. c4 c6 7. Bf4 Nbd7 8. Nbd2 e6 9. Ne5 Nh5 10. Nxd7 Qxd7 11. Be3 Nf6 12. c5 Ng4 13. Qb3 Re8 14. f4 f6 15. Nf3 e5 16. fxe5 fxe5 17. dxe5 Nxe5 18. Kh1 Nc4 19. Bg1 Rxe2 20. Ng5 Qe7 21. Qf3 Bf5 22. Rf2 Rxf2 23. Qxf2 Qxg5 24. Re1 Ne5 25. Qe2 Nd3 26. Rf1 h5 27. Be3 Qe7 28. Qd2 Ne5 29. Bg5 Qe6 30. Qf4 Re8 31. Re1 Kh7 32. Qd2 Qf7 33. b3 Ng4 34. Rf1 Nf6 35. h3 Ne4 36. Bxe4 Bxe4+ 37. Kg1 Qe6 38. Kh2 Rf8 39. Bf4 g5 40. Re1 gxf4 41. gxf4 Rxf4 42. Qxf4 Be5 43. Rxe4 dxe4 44. Kg2 Bxf4 0-1


[Site "https://www.chess.com"]

[Event "Titled Tuesday Blitz June 21 Late 2022"]
[White "Pulpan, Jakub"]
[Black "Martinez Alcantara, Jose Eduardo"]
[WhiteFideId "302759"]
[BlackFideId "3805662"]
[WhiteElo "2495"]
[BlackElo "2703"]
[Result "0-1"]
[Round "02"]
[TimeControl "180+1"]
[Date "2022.06.21"]
[WhiteClock "0:00:14"]
[BlackClock "0:01:05"]

1. Nf3 c5 2. e3 Nf6 3. b3 e6 4. Bb2 b6 5. c4 Bb7 6. Be2 Be7 7. O-O O-O 8. Nc3 d6 9. d4 cxd4 10. Nxd4 a6 11. Bf3 Qc8 12. Rc1 Nbd7 13. Qe2 Ne5 14. Bxb7 Qxb7 15. Rfd1 Rac8 16. h3 Rfd8 17. a4 Ned7 18. Rb1 Bf8 19. Qf3 Qc7 20. Rbc1 Ne5 21. Qe2 Qb7 22. Ba3 Ned7 23. Rb1 Nc5 24. Bb4 Ncd7 25. Ba3 d5 26. Bxf8 Kxf8 27. Qf3 Qc7 28. Rbc1 dxc4 29. Ne4 Ne5 30. Qf4 Nd3 31. Qxc7 Rxc7 32. Rxd3 cxd3 33. Rxc7 Nxe4 34. Rc1 e5 35. Nf3 f6 36. Kf1 d2 37. Rd1 a5 0-1


[Site "https://www.chess.com"]

[Event "Titled Tuesday Blitz June 21 Late 2022"]
[White "Remolar Gallen, Jose"]
[Black "Paravyan, David"]
[WhiteFideId "2215187"]
[BlackFideId "4194985"]
[WhiteElo "2205"]
[BlackElo "2569"]
[Result "0-1"]
[Round "02"]
[TimeControl "180+1"]
[Date "2022.06.22"]
[WhiteClock "0:00:25"]
[BlackClock "0:02:00"]

1. d4 Nf6 2. c4 g6 3. Nc3 d5 4. Bg5 Ne4 5. Bh4 Nxc3 6. bxc3 Bg7 7. e3 c5 8. Nf3 Nc6 9. cxd5 Qxd5 10. Be2 cxd4 11. cxd4 Qa5+ 12. Qd2 Qxd2+ 13. Kxd2 O-O 14. Rhd1 e5 15. dxe5 Nxe5 16. Rac1 Be6 17. Rc2 Rfc8 18. Rdc1 Rxc2+ 19. Rxc2 Nc6 20. a3 h6 21. Bg3 Rd8+ 22. Kc1 Bf8 23. Rc3 Rd5 24. a4 Bb4 25. Rc2 Ba3+ 26. Kb1 Bf5 27. Bc4 Rd1+ 28. Ka2 Bxc2 29. Kxa3 Be4 30. h4 Bd5 31. Be2 Ra1+ 32. Kb2 Ra2+ 0-1


[Site "https://www.chess.com"]

[Event "Titled Tuesday Blitz June 21 Late 2022"]
[White "Reprintsev, Alexander"]
[Black "Thiel, Thomas"]
[WhiteFideId "14100541"]
[BlackFideId "4615964"]
[WhiteElo "2108"]
[BlackElo "2235"]
[Result "1-0"]
[Round "02"]
[TimeControl "180+1"]
[Date "2022.06.22"]
[WhiteClock "0:02:26"]
[BlackClock "0:02:08"]

1. e4 d5 2. exd5 Nf6 3. d4 Nxd5 4. c4 Nb6 5. Nc3 e5 6. Nf3 exd4 7. Nxd4 Bb4 8. Be2 O-O 9. O-O Bxc3 10. bxc3 Bd7 11. c5 Na4 12. c6 Nxc3 13. cxb7 Nxd1 14. bxa8=Q Nc3 15. Qf3 1-0


[Site "https://www.chess.com"]

[Event "Titled Tuesday Blitz June 21 Late 2022"]
[White "Ricaurte Lopez, Juan Carlos"]
[Black "Zakarian, David"]
[WhiteFideId "3600327"]
[BlackFideId "13301276"]
[WhiteElo "2209"]
[BlackElo "2455"]
[Result "0-1"]
[Round "02"]
[TimeControl "180+1"]
[Date "2022.06.22"]
[WhiteClock "0:00:01"]
[BlackClock "0:00:14"]

1. e4 c5 2. Nf3 Nc6 3. d4 cxd4 4. Nxd4 e5 5. Nb5 d6 6. N1c3 a6 7. Na3 Be7 8. Be3 Nf6 9. Nd5 Nxe4 10. Bb6 Qd7 11. Nc7+ Kf8 12. Nxa8 d5 13. Nc7 d4 14. Bc4 Bb4+ 15. Kf1 h5 16. Qe2 Nd2+ 17. Kg1 h4 18. h3 Rh6 19. Nd5 Nxc4 20. Qxc4 Bxa3 21. bxa3 Qf5 22. Qc5+ Ke8 23. Re1 Be6 24. Nc7+ Kd7 25. Nxe6 Rxe6 26. Qd5+ Rd6 27. Qe4 Qg5 28. f4 Qg3 29. fxe5 Re6 30. Qd5+ Ke8 31. Qe4 Rxe5 32. Qxe5+ Nxe5 33. Rxe5+ Qxe5 34. Kf2 Qe3+ 35. Kf1 Qc1+ 36. Kf2 Qxh1 37. Bxd4 Qd1 38. Bxg7 Qxc2+ 0-1


[Site "https://www.chess.com"]

[Event "Titled Tuesday Blitz June 21 Late 2022"]
[White "Richter, Nils"]
[Black "Dilmukhametov, Artur"]
[WhiteFideId "12990809"]
[BlackFideId "24179922"]
[WhiteElo "2311"]
[BlackElo "2206"]
[Result "1-0"]
[Round "02"]
[TimeControl "180+1"]
[Date "2022.06.22"]
[WhiteClock "0:00:14"]
[BlackClock "0:00:02"]

1. e4 e6 2. d4 d5 3. exd5 exd5 4. Nf3 Bd6 5. c4 dxc4 6. Bxc4 Nf6 7. Qe2+ Qe7 8. Qxe7+ Bxe7 9. O-O O-O 10. Re1 Bd6 11. Nc3 a6 12. Bg5 Nbd7 13. Ne5 b5 14. Bb3 Bb7 15. Nxd7 Nxd7 16. Ne4 Bb4 17. Bd2 Bxd2 18. Nxd2 c5 19. Re7 Rad8 20. Ne4 c4 21. Bc2 Bxe4 22. Bxe4 Nf6 23. Bb7 Rxd4 24. Bxa6 Rfd8 25. g3 b4 26. Rc7 Rd2 27. Bxc4 Rxb2 28. Bxf7+ Kh8 29. Bb3 h5 30. Re1 Ng4 31. Rf7 Rdd2 32. Re8+ Kh7 33. Ref8 Nf6 34. Rxf6 gxf6 35. Rxf6 Kg7 36. Rf4 Kg6 37. h4 Kg7 38. Kg2 Re2 39. Bc4 Rec2 40. Bb3 Re2 41. Rf5 Kg6 42. Rf3 Re1 43. Bf7+ Kh6 44. Rf5 Ree2 45. Bxh5 Re1 46. Bf7 Kg7 47. g4 Rd2 48. Bb3 Rd4 49. f3 Rd2+ 50. Kg3 Rg1+ 51. Kf4 Re1 52. h5 Re7 53. Kg5 Rde2 54. h6+ Kh7 55. f4 Rh2 56. Rf6 Rc7 57. Be6 Re7 58. Bf5+ Kg8 59. h7+ Kg7 60. Rg6+ Kf7 61. Rg8 Rxh7 62. Bxh7 Ra7 63. Rb8 1-0


[Site "https://www.chess.com"]

[Event "Titled Tuesday Blitz June 21 Late 2022"]
[White "Rios Escobar, Adan"]
[Black "Leiva, Gianmarco"]
[WhiteFideId "3403645"]
[BlackFideId "3804399"]
[WhiteElo "2444"]
[BlackElo "2323"]
[Result "1-0"]
[Round "02"]
[TimeControl "180+1"]
[Date "2022.06.22"]
[WhiteClock "0:00:09"]
[BlackClock "0:00:14"]

1. d4 Nf6 2. g3 d5 3. Nf3 c6 4. c4 Bf5 5. Nc3 e6 6. Nh4 Be4 7. f3 Bg6 8. Nxg6 hxg6 9. Qb3 Qc7 10. Bf4 Qb6 11. c5 Qxb3 12. axb3 Na6 13. Ra4 Nh5 14. e4 Nxf4 15. Bxa6 bxa6 16. gxf4 Rh4 17. Ne2 Rb8 18. Ra3 Be7 19. Kf2 a5 20. Kg3 Bd8 21. Rha1 dxe4 22. fxe4 g5 23. Rf1 Rb4 24. Rf3 Bc7 25. e5 Rh5 26. Kg4 Rh4+ 27. Kg3 Rh5 28. Kg4 g6 29. fxg5 Bxe5 30. Rxa5 Bxd4 31. Rf4 Rxb3 32. Nxd4 Rxb2 33. Nf3 Rb7 34. Raa4 Rd7 35. Rad4 Rd5 36. Rxd5 cxd5 37. Ra4 Kd7 38. Rxa7+ Kc6 39. Rxf7 Kxc5 40. Rf6 Kd6 41. Rxg6 Rh8 42. h4 Rb8 43. h5 d4 44. h6 d3 45. h7 Kd5 46. Rg8 Rb4+ 47. Kg3 d2 48. Nxd2 Rb3+ 49. Nf3 Ke4 50. h8=Q Rxf3+ 51. Kg4 Rf4+ 52. Kg3 Rf5 53. Kg2 Rf4 54. Qc3 Rg4+ 55. Kf2 Kf5 56. Qd3+ Ke5 57. g6 Rf4+ 58. Ke2 Rg4 59. g7 Rg2+ 60. Kf3 Rg3+ 61. Kxg3 Kf6 62. Qf3+ Kg6 63. Qe4+ Kf6 64. Qf4+ Ke7 65. Rf8 e5 66. Qf6+ Kd7 67. Rd8+ Kc7 68. Qd6+ Kb7 69. Rb8+ Ka7 70. Qb6# 1-0


[Site "https://www.chess.com"]

[Event "Titled Tuesday Blitz June 21 Late 2022"]
[White "Roberson, Peter T"]
[Black "Bakalchuk, Johnatan"]
[WhiteFideId "412384"]
[BlackFideId "2810301"]
[WhiteElo "2346"]
[BlackElo "2461"]
[Result "1-0"]
[Round "02"]
[TimeControl "180+1"]
[Date "2022.06.22"]
[WhiteClock "0:00:30"]
[BlackClock "0:01:01"]

1. e4 c5 2. Nf3 g6 3. Bc4 Bg7 4. O-O d6 5. Re1 Nc6 6. c3 Nf6 7. Bb3 O-O 8. d4 cxd4 9. cxd4 Bg4 10. d5 Ne5 11. Nbd2 Rc8 12. h3 Bh5 13. g4 Nfxg4 14. hxg4 Bxg4 15. Re3 Bh6 16. Qe1 Bxe3 17. Qxe3 f5 18. Nxe5 dxe5 19. exf5 gxf5 20. Qxe5 Qd6 21. Qxd6 exd6 22. Nc4 Rf6 23. Bf4 Bf3 24. Kh2 Re8 25. Nxd6 Re2 26. Kg3 Bh5 27. Kh4 Rxf2 28. Kxh5 Rg6 29. Nxf5 Kf7 30. Nh6+ Ke8 31. Re1+ Kd8 32. Nf7+ Kc8 33. Re8+ Kd7 34. Ba4+ 1-0


[Site "https://www.chess.com"]

[Event "Titled Tuesday Blitz June 21 Late 2022"]
[White "Romanchuk, Viktor"]
[Black "Swiercz, Dariusz"]
[WhiteFideId "14109271"]
[BlackFideId "1126881"]
[WhiteElo "2242"]
[BlackElo "2627"]
[Result "0-1"]
[Round "02"]
[TimeControl "180+1"]
[Date "2022.06.21"]
[WhiteClock "0:00:04"]
[BlackClock "0:00:10"]

1. d4 Nf6 2. c4 e6 3. Nc3 Bb4 4. e3 O-O 5. Ne2 d5 6. a3 Be7 7. cxd5 exd5 8. Nf4 c6 9. Bd3 Na6 10. O-O Nc7 11. f3 Ne6 12. Nfe2 c5 13. Kh1 b6 14. dxc5 bxc5 15. e4 c4 16. Bb1 d4 17. Nd5 d3 18. Nec3 Nxd5 19. Nxd5 Bd6 20. b3 Ba6 21. bxc4 Be5 22. Ra2 Bxc4 23. Rd2 Nc5 24. Ba2 Bxa2 25. Rxa2 f5 26. Be3 fxe4 27. Bxc5 Qxd5 28. Bxf8 Qxa2 29. Bb4 a5 30. Be7 Re8 31. Bh4 Qc4 32. fxe4 Qxe4 33. Bg3 Bxg3 34. hxg3 h6 35. Qd2 Qd5 36. Rf3 Rd8 37. Kh2 Kh7 38. Re3 Rd7 39. Rf3 Qd4 40. Re3 Rd5 41. Rf3 Rh5# 0-1


[Site "https://www.chess.com"]

[Event "Titled Tuesday Blitz June 21 Late 2022"]
[White "Roque Sola, Jose Luis"]
[Black "Gimenez Aguirre, Alejo Ismael"]
[WhiteFideId "5120390"]
[BlackFideId "32041667"]
[WhiteElo "1983"]
[BlackElo "2031"]
[Result "0-1"]
[Round "02"]
[TimeControl "180+1"]
[Date "2022.06.22"]
[WhiteClock "0:00:16"]
[BlackClock "0:02:21"]

1. c4 e5 2. Nc3 Nc6 3. Nf3 a6 4. g3 Bc5 5. Nxe5 Bxf2+ 6. Kxf2 Nxe5 7. e4 c5 8. Be2 h5 9. d3 Nf6 10. Bf4 Neg4+ 11. Kg2 d6 12. h3 Ne5 13. a3 Be6 14. Nd5 Bxd5 15. exd5 Ng6 16. Bg5 Qd7 17. Bxf6 gxf6 18. Bxh5 O-O-O 19. b4 Rdg8 20. bxc5 Nf4+ 21. Kf2 Nxh5 22. cxd6 Nxg3 23. Rg1 Rxh3 24. c5 Qf5+ 25. Qf3 Rh2+ 26. Ke3 Re8+ 0-1


[Site "https://www.chess.com"]

[Event "Titled Tuesday Blitz June 21 Late 2022"]
[White "Rychkov, Roman"]
[Black "Wagner, Dennis"]
[WhiteFideId "30985595"]
[BlackFideId "24650684"]
[WhiteElo "2298"]
[BlackElo "2355"]
[Result "0-1"]
[Round "02"]
[TimeControl "180+1"]
[Date "2022.06.22"]
[WhiteClock "0:00:07"]
[BlackClock "0:00:23"]

1. e4 Nf6 2. e5 Nd5 3. c4 Nb6 4. d4 d6 5. f4 g6 6. Nc3 Bg7 7. Be2 dxe5 8. fxe5 Nc6 9. Be3 O-O 10. Nf3 Bg4 11. O-O Bxf3 12. Rxf3 Qd7 13. b3 Rad8 14. c5 Nd5 15. Nxd5 Qxd5 16. Bc4 Qe4 17. Bd3 Qg4 18. h3 Qd7 19. Bb5 a6 20. Ba4 Qe6 21. Bxc6 Qxc6 22. Qc2 Rd5 23. Rd1 Rfd8 24. Rdf1 f6 25. exf6 exf6 26. Qc4 Kh8 27. Bf2 f5 28. Rd3 Re8 29. Rfd1 Re4 30. b4 Qe6 31. Qc2 c6 32. Qd2 f4 33. Kf1 g5 34. Re1 h6 35. Rxe4 Qxe4 36. Qe2 Qxe2+ 37. Kxe2 Kh7 38. Kf3 Kg6 39. g3 fxg3 40. Kxg3 Kf5 41. Rf3+ Ke6 42. Re3+ Kf7 43. Re4 h5 44. Be3 Bf6 45. h4 gxh4+ 46. Kh3 Rf5 47. Bf4 Rd5 48. Be3 Rd8 49. Rf4 Ke6 50. Re4+ Kd5 51. Rf4 Re8 52. Bf2 Re6 53. Rf5+ Kc4 54. Rxh5 Kxb4 55. d5 cxd5 56. Rxd5 Ka3 57. Rd6 Rxd6 58. cxd6 Kxa2 59. Bxh4 Be5 60. d7 Bc7 61. Kg2 b5 62. Be7 a5 63. Kf3 b4 64. d8=Q Bxd8 65. Bxd8 b3 66. Bxa5 b2 67. Ke2 b1=Q 68. Bd2 Qe4+ 69. Be3 Kb3 70. Kf2 Kc3 71. Ba7 Kd3 72. Kf1 Qf3+ 73. Kg1 Ke2 74. Kh2 Kf1 75. Bf2 Qg2# 0-1


[Site "https://www.chess.com"]

[Event "Titled Tuesday Blitz June 21 Late 2022"]
[White "Sadilek, Peter"]
[Black "Gubajdullin, Alexei"]
[WhiteFideId "1616439"]
[BlackFideId "4141202"]
[WhiteElo "2145"]
[BlackElo "2280"]
[Result "0-1"]
[Round "02"]
[TimeControl "180+1"]
[Date "2022.06.22"]
[WhiteClock "0:00:54"]
[BlackClock "0:01:08"]

1. e4 g6 2. d4 Bg7 3. Nc3 d6 4. Be3 a6 5. h4 h6 6. Qd2 b5 7. a4 b4 8. Na2 a5 9. Nc1 Bb7 10. f3 Nd7 11. Nb3 Ngf6 12. Nh3 e6 13. Nf4 Qe7 14. Bb5 O-O 15. g4 c6 16. Be2 e5 17. Nh3 h5 18. g5 Ne8 19. Nf2 Nc7 20. O-O-O Rfd8 21. f4 exf4 22. Bxf4 Ne6 23. Be3 c5 24. d5 Nef8 25. Bb5 Ne5 26. Rhf1 Ba6 27. Qe2 Bxb5 28. Qxb5 Rdb8 29. Qe2 c4 30. Nd4 b3 31. cxb3 Qd7 32. Nc6 Nxc6 33. dxc6 Qxc6 34. Qxc4 Bxb2+ 35. Kb1 Qxc4 36. bxc4 Bd4+ 37. Kc2 Bxe3 38. Nd3 Ne6 0-1


[Site "https://www.chess.com"]

[Event "Titled Tuesday Blitz June 21 Late 2022"]
[White "Sailer, Mike"]
[Black "Cappelletto, Joshuaede"]
[WhiteFideId "2012901"]
[BlackFideId "2824383"]
[WhiteElo "2109"]
[BlackElo "1761"]
[Result "0-1"]
[Round "02"]
[TimeControl "180+1"]
[Date "2022.06.22"]
[WhiteClock "0:00:03"]
[BlackClock "0:02:03"]

1. d4 g6 2. Nf3 Bg7 3. Bf4 d6 4. e3 Nf6 5. Be2 O-O 6. O-O Nbd7 7. h3 Qe8 8. c4 e5 9. Bh2 Qe7 10. Nc3 c6 11. b4 h6 12. b5 Kh7 13. a4 Ne8 14. a5 a6 15. bxc6 bxc6 16. Na4 e4 17. Nd2 f5 18. Nb6 Rb8 19. Nxc8 Rxc8 20. Rb1 Ndf6 21. Rb6 Qa7 22. Qa4 c5 23. Bxd6 Nxd6 24. Rxd6 cxd4 25. exd4 Rfd8 26. Rxd8 Rxd8 27. d5 e3 28. Nf3 exf2+ 29. Kh2 Ne4 30. Qc6 Qb8+ 31. d6 Rxd6 32. Qxd6 Qxd6+ 0-1


[Site "https://www.chess.com"]

[Event "Titled Tuesday Blitz June 21 Late 2022"]
[White "Sanchez Alarcon, Juan"]
[Black "Nazari, Arad"]
[WhiteFideId "3401332"]
[BlackFideId "12577324"]
[WhiteElo "2164"]
[BlackElo "2129"]
[Result "0-1"]
[Round "02"]
[TimeControl "180+1"]
[Date "2022.06.22"]
[WhiteClock "0:00:10"]
[BlackClock "0:00:18"]

1. e4 c5 2. c3 Nf6 3. e5 Nd5 4. d4 d6 5. dxc5 dxc5 6. Nf3 Nc6 7. Bb5 Bg4 8. h3 Bh5 9. Bxc6+ bxc6 10. O-O e6 11. Re1 Be7 12. Nbd2 O-O 13. Nf1 a5 14. Ng3 Bg6 15. Qe2 a4 16. Bd2 Qb6 17. c4 Nb4 18. Bxb4 cxb4 19. Rad1 Rfd8 20. Ne4 Bxe4 21. Qxe4 b3 22. a3 Rac8 23. h4 h6 24. h5 Bc5 25. Qe2 Rxd1 26. Rxd1 Rd8 27. Rxd8+ Qxd8 28. g3 f5 29. exf6 Qxf6 30. Kg2 Bd6 31. Ne1 Be5 32. Nd3 Bd4 33. Qd2 c5 34. Qe2 Qf5 35. Nf4 e5 36. Ng6 Kf7 37. Nh4 Qf6 38. Ng6 Qc6+ 39. Kh2 e4 40. Nf4 Qf6 41. Nd5 Qxf2+ 42. Qxf2+ Bxf2 43. Kg2 Bd4 44. Nb6 Bxb2 45. Nxa4 Bxa3 46. Nxc5 Bxc5 0-1


[Site "https://www.chess.com"]

[Event "Titled Tuesday Blitz June 21 Late 2022"]
[White "Barria Santos, Jose Guilherme"]
[Black "Mangialardo, Tiago Carvalho"]
[WhiteFideId "1939300"]
[BlackFideId "2130718"]
[WhiteElo "2261"]
[BlackElo "2096"]
[Result "1-0"]
[Round "02"]
[TimeControl "180+1"]
[Date "2022.06.22"]
[WhiteClock "0:00:08"]
[BlackClock "0:00:01"]

1. d4 d5 2. c4 e6 3. Nc3 Nf6 4. cxd5 exd5 5. Bg5 Be7 6. e3 O-O 7. Bd3 c6 8. Qc2 h6 9. Bh4 Be6 10. Nge2 Re8 11. Nf4 Qc8 12. Nxe6 Qxe6 13. Bf5 Qd6 14. Bg3 Qd8 15. O-O Bd6 16. Bh4 Be7 17. Rfe1 Nbd7 18. Bg3 Nf8 19. f3 Bd6 20. Bf2 Qc7 21. g3 Ne6 22. Kg2 c5 23. Nb5 Qb6 24. Nxd6 Qxd6 25. dxc5 Qxc5 26. Rac1 Qa5 27. a3 Qb5 28. Bd3 Qd7 29. Qb3 Rec8 30. Bf5 b6 31. Qd3 g6 32. Bh3 Qe7 33. Red1 Rxc1 34. Rxc1 Ng5 35. Rc8+ Rxc8 36. Bxc8 Qc7 37. Ba6 Qd7 38. Qd1 Qh3+ 39. Kg1 h5 40. Bf1 Qf5 41. Bg2 Ne6 42. Be1 Nd7 43. Bc3 Ndc5 44. Bf1 Ng5 45. Bg2 Nge6 46. h3 Ng5 47. g4 Qd3 48. Qxd3 Nxd3 49. h4 Ne6 50. gxh5 gxh5 51. Kf1 Ndc5 52. Ke2 Na4 53. Be5 Kf8 54. f4 Ke7 55. Bxd5 f6 56. Bb8 Nxb2 57. Bxa7 b5 58. Bc6 Nc4 59. Bxb5 Nxa3 60. Bd3 Nc5 61. Bxc5+ 1-0


[Site "https://www.chess.com"]